 Dungeon Crawl Stone Soup version 0.18.1-5-g4a78601 (webtiles) character file.

53 imganon the Chopper (level 3, -3/29 HPs)
             Began as a Demonspawn Berserker on May 13, 2016.
             Was a Believer of Trog.
             Slain by a gnoll
             ... wielding a +0 flail
              (7 damage)
             ... on level 2 of the Dungeon.
             The game lasted 00:01:46 (1208 turns).

imganon the Chopper (Demonspawn Berserker)          Turns: 1208, Time: 00:01:48

Health: -3/29      AC: 12    Str: 18    XL:     3   Next: 62%
Magic:  3/3        EV:  5    Int:  8    God:    Trog [**....]
Gold:   47         SH:  0    Dex: 12    Spells: 0 memorised, 2 levels left

rFire  . . .     SeeInvis .     a - +0 hand axe
rCold  . . .     Gourm    .     l - +0 plate armour (curse)
rNeg   . . .     Faith    .     (no shield)
rPois  .         Spirit   .     (no helmet)
rElec  .         Dismiss  .     (no cloak)
rCorr  .         Reflect  .     (no gloves)
SustAt .         Harm     .     (no boots)
MR     .....                    (no amulet)
Stlth  ..........               (no ring)
                                (no ring)

@: not resistant to hostile enchantments, extremely unstealthy
A: slimy green scales 1, demonic guardian 1
a: Berserk, Trog's Hand, Burn Spellbooks, Renounce Religion


You were on level 2 of the Dungeon.
You worshipped Trog.
Trog was pleased with you.
You were not hungry.

You visited 1 branch of the dungeon, and saw 2 of its levels.

You collected 47 gold pieces.

Inventory:

Hand Weapons
 a - a +0 hand axe (weapon)
Armour
 l - a cursed +0 plate armour (worn)
Jewellery
 n - a cursed ring of teleportation {unknown}
Scrolls
 b - a scroll of remove curse {unknown}
 d - a scroll of random uselessness {unknown}
 g - a scroll of blinking {unknown}
 h - a scroll of fear {unknown}
 m - a scroll of magic mapping {unknown}
 o - a scroll of noise {unknown}
 p - a scroll of identify {unknown}
Potions
 e - a potion of cure mutation {unknown}
 i - a potion of haste {unknown}
 j - a potion of agility {unknown}
 k - a potion of heal wounds {unknown}
Comestibles
 c - a bread ration
 f - a slice of pizza


   Skills:
 - Level 3.0 Fighting
 + Level 4.2 Axes
 - Level 1.7 Armour
 - Level 1.7 Dodging


You had 2 spell levels left.
You didn't know any spells.

Dungeon Overview and Level Annotations

Branches:
Dungeon (2/15)

Altars:
Xom


Innate Abilities, Weirdness & Mutations

You are partially covered in slimy green scales (AC +2).
A weak demonic guardian rushes to your aid.


Message History

You closely miss the gnoll. The gnoll closely misses you.
You hit the gnoll.
The gnoll is moderately wounded.
The gnoll hits you but does no damage.
The gnoll hits you from afar with a spear.
* * * LOW HITPOINT WARNING * * *
You closely miss the gnoll.
The gnoll is moderately wounded.
The gnoll hits you but does no damage.
The gnoll hits you from afar with a spear.
* * * LOW HITPOINT WARNING * * *
You hit the gnoll.
The gnoll is heavily wounded.
The gnoll hits you with a flail.
* * * LOW HITPOINT WARNING * * *
The gnoll barely misses you.
You hit the gnoll.
The gnoll is severely wounded.
The gnoll hits you with a flail!
You die...

#### ##..# ##...#
##...†# #..[..## ######
##......# #....#
########.....#.####.####
....ggg@5...............
.....S##5.........#..##.
..... #..........#..###
.... +.....<.....(.....
... ##....#....###.##.
.. ######.....#..##. .
#[....#..###
#........###
#.....#....#


You could see 3 gnolls, an adder and 2 friendly ufetubi.

Vanquished Creatures
  An adder (D:2)
  3 worms (D:2)
  2 dart slugs (D:1)
  A giant gecko (D:2)
  7 bats (D:1)
  A goblin (D:2)
  4 hobgoblins
  6 kobolds (D:1)
  3 giant newts (D:1)
  3 rats (D:1)
31 creatures vanquished.

Notes
Turn   | Place    | Note
--------------------------------------------------------------
     0 | D:1      | imganon the Demonspawn Berserker began the quest for the Orb.
     0 | D:1      | Reached XP level 1. HP: 18/18 MP: 1/1
    70 | D:1      | Found a shimmering altar of Xom.
   107 | D:1      | Reached skill level 3 in Axes
   255 | D:1      | Gained mutation: A weak demonic guardian rushes to your aid. [demonic ancestry]
   255 | D:1      | Reached XP level 2. HP: 24/24 MP: 2/2
   630 | D:1      | Reached ** piety under Trog
   915 | D:2      | Gained mutation: You are partially covered in slimy green scales (AC +2). [demonic ancestry]
   915 | D:2      | Reached XP level 3. HP: 26/29 MP: 3/3
   938 | D:2      | Reached skill level 4 in Axes
  1208 | D:2      | Slain by a gnoll

Skill      XL: |  1  2  3 |
---------------+----------+-----
Axes           | 3 4 |  4.2
Fighting       | |  3.0
Armour         | |  1.7
Dodging        | |  1.7

Action                   || total
-------------------------++-------
Melee: Hand axe          ||   136
  Eat: Chunk             ||     1
Armor: Animal skin       ||    12
       Ring mail         ||    23
       Plate armour      ||    21
Dodge: Dodged            ||    95
